 Dungeon Crawl Stone Soup version 0.24.0-37-gcf1ca852f1 (webtiles) character file.

Game seed: 10597462547483548164, levelgen mode: deterministic

509026 Iamsoldier the Hoplite (level 25, -9/173 HPs)
             Began as a Gargoyle Fighter on Dec 3, 2019.
             Was an Elder of the Shining One.
             Killed by the air
             ... invoked by a spriggan air mage
              (27 damage)
             ... on level 4 of the Depths.
             The game lasted 02:14:35 (56291 turns).

Iamsoldier the Hoplite (Gargoyle Fighter)          Turns: 56291, Time: 02:14:35

Health: -9/173     AC: 68    Str: 34    XL:     25   Next: 6%
Magic:  0/30       EV: 13    Int: 10    God:    the Shining One [****..]
Gold:   4283       SH: 30    Dex: 19    Spells: 24/24 levels left

rFire    + . .     SeeInvis .   A - +1 eveningstar (holy)
rCold    + + .     Gourm    .   O - +3 shield {AC+3}
rNeg     + + +     Faith    .   Q - +9 scales of the Dragon King {rPois rF+ rC+ MR+}
rPois    ∞         Spirit   +   c - +2 hat of the Bear Spirit {Spirit, +Rage rN+ MR++}
rElec    +         Reflect  +   Z - +2 cloak {MR+}
rCorr    +         Harm     .   R - +2 pair of gloves {Dex+3}
MR       +++++                  V - +2 pair of boots {run}
Stlth    ..........             N - +4 amulet of reflection
HPRegen  0.38/turn              P - ring "Xiufop" {rC+ EV+3 Dex+4}
MPRegen  0.22/turn              w - ring "Denitonaxt" {+Inv rN+ rCorr Str+5 Int-3}

@: flying, glowing, studying Dodging, quick
A: big wings, large bone plates 1, agile 1, clever 1, negative energy resistance
1, electricity resistance, unbreathing, petrification resistance, rot immunity,
AC +19
}: 3/15 runes: serpentine, barnacled, silver
a: Stop Flying, Divine Shield, Cleansing Flame, Renounce Religion, Evoke Berserk
Rage, Evoke Invisibility


You were on level 4 of the Depths.
You worshipped the Shining One.
The Shining One was greatly pleased with you.
You were hungry.

You visited 8 branches of the dungeon, and saw 41 of its levels.
You visited the Abyss 1 time.
You visited 1 bazaar.
You also visited: Bailey, Gauntlet and Desolation.

You collected 5491 gold pieces.
You spent 1208 gold pieces at shops.

Inventory:

Hand Weapons
 A - a +1 eveningstar of holy wrath (weapon)
 B - a +9 demon whip of electrocution
 K - a +3 demon whip of slashing
Armour
 c - the +2 hat of the Bear Spirit (worn) {Spirit, +Rage rN+ MR++}
   (You acquired it on level 4 of the Lair of Beasts)

   It protects you from negative energy.
   It affects your resistance to hostile enchantments.
   It lets you go berserk.
 O - a +3 shield of protection (worn)
 Q - the +9 scales of the Dragon King (worn) {rPois rF+ rC+ MR+}
   (You took it off a minotaur in a Gauntlet)

   It protects you from fire.
   It protects you from cold.
   It protects you from poison.
   It affects your resistance to hostile enchantments.
 R - a +2 pair of gloves of dexterity (worn)
 V - a +2 pair of boots of running (worn)
 Z - a +2 cloak of magic resistance (worn)
Jewellery
 a - an uncursed ring of protection from magic
 e - an uncursed amulet of the gourmand
 q - a +3 ring of slaying
 t - an uncursed ring of protection from cold
 w - the ring "Denitonaxt" (right hand) {+Inv rN+ rCorr Str+5 Int-3}
   (You found it in the Desolation of Salt)

   [ring of resist corrosion]

   It affects your strength (+5).
   It affects your intelligence (-3).
   It protects you from negative energy.
   It lets you turn invisible.
   It provides partial protection from all sources of acid and corrosion.
 M - an uncursed ring of protection from fire
 N - a +4 amulet of reflection (around neck)
 P - the ring "Xiufop" (left hand) {rC+ EV+3 Dex+4}
   (You found it in a Gauntlet)

   [ring of evasion]

   It affects your evasion (+3).
   It affects your dexterity (+4).
   It protects you from cold.
Wands
 b - a wand of flame (41)
 o - a wand of disintegration (8)
 s - a wand of polymorph (21)
 x - a wand of acid (6)
 z - a wand of paralysis (27)
 D - a wand of enslavement (27)
 G - a wand of iceblast (27)
 L - a wand of scattershot (7)
 U - a wand of digging (12)
Scrolls
 g - 3 scrolls of blinking
 h - 28 scrolls of teleportation
 k - 8 scrolls of magic mapping
 m - 6 scrolls of immolation
 n - 23 scrolls of remove curse
 p - 2 scrolls of identify
 u - 10 scrolls of fog
 y - 2 scrolls of amnesia
 H - 2 scrolls of silence
 J - 4 scrolls of enchant weapon
 X - 4 scrolls of fear
Potions
 f - 2 potions of agility
 i - 4 potions of resistance
 j - 5 potions of haste
 l - 4 potions of mutation
 r - 4 potions of ambrosia
 v - 2 potions of heal wounds
 C - 7 potions of lignification
 E - 16 potions of curing
 F - 3 potions of berserk rage
Books
 T - a manual of Dodging
Comestibles
 d - 73 rations
 I - a chunk of flesh


   Skills:
 + Level 22.0 Fighting
 - Level 17.2 Maces & Flails
   Level 13.0 Polearms
 + Level 21.7 Armour
 - Level 3.7 Dodging
 + Level 22.0 Shields
 * Level 10.1 Invocations


You had 24 spell levels left.
You didn't know any spells.
Your spell library contained the following spells:

 Spells                   Type           Power        Failure   Level  Hunger
 Animate Skeleton         Necr           N/A          95%         1    ##.....
 Apportation              Tloc           #.....       95%         1    ##.....
 Beastly Appendage        Tmut           #.....       95%         1    ##.....
 Confusing Touch          Hex            #.....       95%         1    ##.....
 Corona                   Hex            #......      95%         1    ##.....
 Flame Tongue             Conj/Fire      #....        95%         1    ##.....
 Pain                     Necr           #...         95%         1    ##.....
 Sandblast                Erth           #.....       95%         1    ##.....
 Summon Butterflies       Summ           #.......     95%         1    ##.....
 Summon Small Mammal      Summ           #...         95%         1    ##.....
 Blink                    Tloc           N/A          98%         2    ###....
 Ensorcelled Hibernation  Hex/Ice        #.....       98%         2    ###....
 Passwall                 Tmut/Erth      #.......     98%         2    ###....
 Shroud of Golubria       Chrm/Tloc      #.....       98%         2    ###....
 Slow                     Hex            #.......     98%         2    ###....
 Sticks to Snakes         Tmut           #.......     98%         2    ###....
 Confuse                  Hex            #.......     100%        3    ####...
 Dazzling Spray           Conj/Hex       #.....       100%        3    ####...
 Gell's Gravitas          Tloc           #.........   100%        3    ####...
 Ignite Poison            Fire/Tmut/Pois #.......     100%        3    ####...
 Inner Flame              Hex/Fire       #.......     100%        3    ####...
 Lesser Beckoning         Tloc           #.........   100%        3    ####...
 Portal Projectile        Hex/Tloc       #.....       100%        3    ####...
 Regeneration             Chrm/Necr      #.........   100%        3    ####...
 Spider Form              Tmut/Pois      #.........   100%        3    ####...
 Stone Arrow              Conj/Erth      #.....       100%        3    ####...
 Teleport Other           Tloc           #.......     100%        3    ####...
 Tukima's Dance           Hex            #.......     100%        3    ####...
 Vampiric Draining        Necr           #.........   100%        3    ####...
 Animate Dead             Necr           N/A          100%        4    #####..
 Cause Fear               Hex            #.........   100%        4    #####..
 Ice Form                 Ice/Tmut       #.......     100%        4    #####..
 Leda's Liquefaction      Hex/Erth       #.........   100%        4    #####..
 Passage of Golubria      Tloc           N/A          100%        4    #####..
 Petrify                  Tmut/Erth      #.......     100%        4    #####..
 Alistair's Intoxication  Tmut/Pois      #.......     100%        5    ######.
 Blade Hands              Tmut           #.........   100%        5    ######.
 Bolt of Magma            Conj/Fire/Erth #.........   100%        5    ######.
 Borgnjor's Vile Clutch   Necr/Erth      #.........   100%        5    ######.
 Fireball                 Conj/Fire      #.........   100%        5    ######.
 Irradiate                Conj/Tmut      #.........   100%        5    ######.
 Lee's Rapid Deconstruct  Erth           #.........   100%        5    ######.
 Metabolic Englaciation   Hex/Ice        #.........   100%        5    ######.
 Silence                  Hex/Air        #.........   100%        5    ######.
 Summon Demon             Summ           #.........   100%        5    ######.
 Bolt of Cold             Conj/Ice       #.........   100%        6    #######
 Bolt of Fire             Conj/Fire      #.........   100%        6    #######
 Darkness                 Hex            #.........   100%        6    #######
 Freezing Cloud           Conj/Ice/Air   #.........   100%        6    #######
 Invisibility             Hex            #.......     100%        6    #######
 Iron Shot                Conj/Erth      #.........   100%        6    #######
 Ozocubu's Refrigeration  Ice            #.........   100%        6    #######
 Shadow Creatures         Summ           N/A          100%        6    #######
 Simulacrum               Ice/Necr       #.........   100%        6    #######
 Ring of Flames           Chrm/Fire      #.........   100%        7    #######
 Summon Hydra             Summ           #.........   100%        7    #######
 Controlled Blink         Tloc           N/A          100%        8    #######
 Ignition                 Fire           #.........   100%        8    #######
 Shatter                  Erth           #.........   100%        9    #######
 Sublimation of Blood     Necr           Unusable     N/A         2    N/A
 Statue Form              Tmut/Erth      Unusable     N/A         6    N/A

Dungeon Overview and Level Annotations

Branches:
Dungeon (15/15)            Temple (1/1) D:5            Lair (6/6) D:9
 Shoals (4/4) Lair:2        Snake (4/4) Lair:3        Slime (0/5) Lair:5
    Orc (2/2) D:9             Elf (0/3) Orc:2        Vaults (5/5) D:14
  Crypt (0/3) Vaults:2     Depths (4/5) D:15         Bailey (visited)
Desolation (visited)      Gauntlet (visited)

Altars:
Ashenzari
Cheibriados
Dithmenos
Elyvilon
Fedhas
Gozag
Hepliaklqana
Kikubaaqudgha
Makhleb
Nemelex Xobeh
Okawaru
Qazlal
Ru
Sif Muna
Trog
Uskayaw
Vehumet
Wu Jian
Xom
Yredelemnul
Zin
The Shining One
Jiyva

Shops:
D:4 }   D:6 :   D:11 (   D:12 *   Orc:2 *[:(   Shoals:2 [   Vaults:4 ((*=
Depths:1 *   Depths:2 *

Portals:
Hell: Depths:1 Depths:2 Depths:3
Abyss: Depths:4
Pandemonium: Depths:3
Ziggurat: Depths:3

Annotations:
Snake:1 1 transporter


Innate Abilities, Weirdness & Mutations

You are resistant to torment.
Your stone body is resilient. (AC +19)
You are immune to poison.
Your large and strong wings let you fly indefinitely.
You resist negative energy. (rN+)
You are resistant to electric shocks. (rElec)
You can survive without breathing.
You are immune to petrification.
You are immune to rotting.
You are partially covered in large bone plates. (SH +4)
You are agile. (Dex +2)
Your mind is acute. (Int +2)


Message History

You block the deep troll's attack. x2
The deep troll claws you but does no damage.
You bludgeon the deep troll!!
The deep troll is heavily wounded.
You bludgeon the deep troll!!
The deep troll is almost dead.
You block the deep troll's attack. x2; The deep troll closely misses you.
The spriggan air mage waves its arms in wide circles.
The air twists around and violently strikes you in flight!!
* * * LOW HITPOINT WARNING * * *
The fire giant casts a spell at you. The bolt of fire hits you! You resist.
* * * LOW HITPOINT WARNING * * *
You feel better. You block the ogre's attack.
You block the deep troll's attack. x3
You block the ogre's attack.
You see here a large rock.
The spriggan air mage waves its arms in wide circles.
The air twists around and violently strikes you in flight!!
You die...

#.........)..###
#.........)...))
#........##)####
#...............
#.............##
##iT...........#
#TOT..TO.......#
###(###.O........##
#≈@#≈#####..'......
#≈#.≈≈CQTT(........
#≈≈≈≈≈CuC)T......#.
##.≈≈≈##*#.########
#≈§≈≈###..## O.
#§≈≈####.## ##O
#≈≈.#<#..# ##
##§§§..... #
#.≈§≈##... #


You could see a frost giant, a brown very ugly thing, a fire giant, a stone
giant, a tengu reaver, 4 deep trolls, a spriggan air mage, a deep troll shaman,
an ogre and a battlesphere.

Vanquished Creatures
  2 ancient liches (Vaults:5)
  A caustic shrike (Depths:4)
  Margery (Vaults:4)
  Saint Roka (Snake:3)
  Nikola (Snake:2)
  A golden dragon (Vaults:5)
  Jorgrun (Snake:1)
  2 tentacled monstrosities
  2 liches
  A quicksilver dragon (Vaults:5)
  9 titans
  4 deep elf blademasters
  A deep elf master archer (Depths:4)
  Polyphemus (Shoals:2)
  2 krakens
  3 tengu reavers
  Kirke (Lair:6)
  5 shadow dragons (Vaults:5)
  2 sphinxes (Depths:3)
  Roxanne (Shoals:4)
  2 revenants (Vaults:2)
  Donald (Shoals:4)
  7 nagarajas
  13 vault wardens
  23 frost giants
  2 orc warlords
  2 iron dragons (Vaults:5)
  2 deep elf sorcerers (Vaults:5)
  14 fire giants
  A juggernaut zombie (Depths:2)
  5 war gargoyles
  15 ironheart preservers
  The ghost of TheNamelessOne the Cleaver, a journeyman GrFi of Okawaru (Depths:1)
  21 stone giants
  18 very ugly things
  An entropy weaver (Vaults:3)
  2 spectral titans (Depths:1)
  2 red draconians (Depths:1)
  2 black draconians (Depths:1)
  4 deep elf demonologists (Vaults:5)
  6 deep elf annihilators
  2 halazid warlocks (Desolation)
  A white draconian (Depths:3)
  A spark wasp (Depths:3)
  A purple draconian (Depths:1)
  A minotaur (Gauntlet)
  2 deep elf death magi
  11 ettins
  5 merfolk impalers
  8 fire dragons
  2 crystal guardians (Desolation)
  2 deep elf high priests (Vaults:5)
  4 merfolk javelineers
  13 yaktaur captains
  A spectral golden dragon (Depths:1)
  6 ragged hierophants (Desolation)
  5 great orbs of eyes
  16 naga warriors
  5 ice dragons
  3 jiangshi (Depths:4)
  A caustic shrike simulacrum (Depths:1)
  8 servants of whispers (Desolation)
  36 vault guards
  5 hydras
  3 rakshasas
  8 peacekeepers (Desolation)
  3 merfolk avatars
  3 catoblepae
  4 spriggan air magi
  A death knight (Vaults:4)
  11 merfolk aquamancers
  13 anacondas
  8 centaur warriors
  The ghost of grindst0ne the Fighter, a journeyman TeAr of Okawaru (D:10)
  2 tengu warriors
  Erica (D:8)
  A queen ant (shapeshifter) (Depths:3)
  60 two-headed ogres
  5 vampire magi
  A dancing weapon (Vaults:4)
  A death yak (shapeshifter) (Vaults:5)
  17 ogre magi
  7 death yaks
  5 deep troll shamans
  A spectral spriggan (Depths:1)
  6 spriggan berserkers
  4 spectral elves (Depths:1)
  4 orc high priests (Orc:2)
  Urug (Lair:5)
  15 naga sharpshooters
  9 shock serpents
  7 deep troll earth magi
  3 spriggans
  10 deep elf knights
  3 hell knights (Vaults:4)
  A storm dragon zombie (Vaults:5)
  2 shadow wraiths
  9 salamander mystics
  4 iron trolls
  A fire crab (Gauntlet)
  3 unseen horrors
  3 glowing orange brains
  A wizard (Vaults:2)
  9 sea snakes
  16 deep trolls
  A sea snake (shapeshifter) (Vaults:4)
  2 phantasmal warriors
  2 lindwurms (shapeshifter)
  4 lindwurms (Snake:4)
  6 naga ritualists
  10 deep elf archers
  A swamp dragon (Lair:6)
  14 ironbrand convokers
  12 orc knights
  13 harpies
  29 deep elf magi
  4 oklob plants
  8 necromancers
  2 tengu skeletons (Vaults:5)
  8 mana vipers
  30 ugly things
  4 orc sorcerers (Orc:2)
  12 fauns
  A wolf spider (shapeshifter) (D:13)
  18 salamanders
  3 wolf spiders
  9 cyclopes
  A wolf spider zombie (D:14)
  14 manticores
  A sphinx skeleton (Depths:2)
  A frost giant skeleton (Depths:1)
  7 merfolk sirens
  A stone giant skeleton (Vaults:5)
  16 vault sentinels
  15 water nymphs
  26 naga magi
  A black mamba (shapeshifter) (Vaults:5)
  36 black mambas
  An eye of devastation (shapeshifter) (Vaults:5)
  2 gargoyles
  16 guardian serpents
  14 spiny frogs
  A molten gargoyle (Desolation)
  2 torpor snails
  2 komodo dragons (shapeshifter)
  An efreet (D:14)
  A rime drake (Lair:6)
  2 centaur skeletons
  9 freezing wraiths
  42 yaktaurs
  11 komodo dragons
  2 golden dragon simulacra (Depths:1)
  3 elf skeletons
  A kobold demonologist (Depths:4)
  A queen bee (shapeshifter) (D:13)
  9 hornets
  2 polar bears
  2 tengu simulacra
  6 trolls
  A wolf spider simulacrum (D:14)
  A queen bee (Lair:3)
  A jumping spider (Vaults:3)
  2 wind drakes
  25 merfolk
  2 sphinx simulacra (Depths:1)
  Grinder (D:6)
  60 saltlings (Desolation)
  9 blink frogs
  8 slime creatures
  7 dream sheep
  10 snapping turtles
  14 hippogriffs
  2 shadows
  A redback (Vaults:3)
  32 water elementals
  A tarantella (shapeshifter) (Depths:3)
  A centaur simulacrum (D:13)
  An ice dragon skeleton (Depths:1)
  6 wraiths
  A fire dragon skeleton (Depths:1)
  2 vampires (D:13)
  A wyvern (D:12)
  A yak (shapeshifter) (D:15)
  73 yaks
  2 fire bats (Gauntlet)
  A golden eye (shapeshifter) (D:13)
  A hog (Lair:6)
  A basilisk (shapeshifter) (Vaults:3)
  5 basilisks
  6 hungry ghosts
  3 steam dragons
  A steam dragon (shapeshifter) (Vaults:3)
  A human simulacrum (Vaults:5)
  3 wargs
  47 nagas
  15 water moccasins
  6 acid dragons
  A porcupine (shapeshifter) (Vaults:5)
  A black bear (shapeshifter) (Vaults:3)
  5 porcupines
  2 ice beasts
  2 swamp drakes
  An elf zombie (Vaults:5)
  2 eyes of draining (shapeshifter)
  56 orc warriors
  2 sky beasts
  3 phantoms
  3 necrophages
  An eye of draining (D:12)
  3 boggarts (Vaults:3)
  27 wolves
  44 ogres
  An ogre (shapeshifter) (Vaults:1)
  18 centaurs
  13 crocodiles
  An elf simulacrum (Depths:1)
  3 big kobolds
  Blork the orc (D:6)
  12 bullfrogs
  A water moccasin zombie (D:9)
  4 scorpions
  A wyvern skeleton (D:13)
  36 killer bees
  13 wights
  10 electric eels
  4 howler monkeys
  5 bullfrog zombies
  11 crimson imps
  3 centaur zombies
  A bullfrog skeleton (D:5)
  5 jellies
  34 orc wizards
  40 orc priests
  8 hounds
  8 iguanas
  9 worker ants
  2 hound skeletons
  A howler monkey zombie (D:6)
  11 adders
  7 gnolls
  2 shadow imps
  An ooze (D:2)
  An adder skeleton (D:6)
  An adder zombie (D:9)
  4 worms
  4 dart slugs
  A leopard gecko (D:4)
  126 orcs
  14 bats
  8 giant cockroaches
  5 goblins
  4 hobgoblins
  5 jackals (D:10)
  7 quokkas
  A ball python skeleton (D:5)
  6 frilled lizards
  14 kobolds
  13 rats
  A bush (Lair:4)
  7 crawling corpses (Vaults:5)
  3 plants
  7 tentacles
2040 creatures vanquished.

Vanquished Creatures (others)
  A deep elf master archer (Depths:3)
  A nagaraja (Snake:4)
  Aizul (Snake:1)
  Nessos (Lair:6)
  A deep elf death mage (Vaults:2)
  2 yaktaur captains
  A naga warrior (Snake:2)
  A satyr (Shoals:3)
  2 naga sharpshooters
  A deep elf knight (Depths:4)
  A deep elf archer (Depths:1)
  A faun (Shoals:1)
  2 cyclopes
  5 yaktaurs
  A saltling (Desolation)
  A human (Lair:6)
  6 nagas
  An orc warrior (Vaults:5)
  A boggart (Vaults:3)
  A crocodile (Lair:6)
  2 centaurs (D:15)
  A hound (D:9)
  2 orcs
  7 fungi
  32 plants
  13 tentacles
  10 withered plants (Gauntlet)
99 creatures vanquished.

Grand Total: 2139 creatures vanquished

Notes
Turn   | Place    | Note
-------+----------+-------------------------------------------
     0 | D:1      | Iamsoldier the Gargoyle Fighter began the quest for the
                  | Orb.
     0 | D:1      | Reached XP level 1. HP: 14/14 MP: 1/1
   138 | D:1      | Reached XP level 2. HP: 19/19 MP: 2/2
   555 | D:1      | Reached XP level 3. HP: 23/23 MP: 3/3
   803 | D:2      | Reached XP level 4. HP: 14/29 MP: 4/4
  2062 | D:3      | Reached XP level 5. HP: 32/33 MP: 5/5
  2133 | D:3      | Got a transparent ivory ring
  2136 | D:3      | Identified the ring of Lasoomim {rPois Str+4} (You found it
                  | on level 3 of the Dungeon)
  3237 | D:4      | Reached XP level 6. HP: 39/39 MP: 6/6
  3751 | D:4      | Found Moampas's Gadget Shop.
  3959 | D:4      | Reached skill level 5 in Fighting
  3959 | D:4      | Reached skill level 5 in Shields
  4108 | D:5      | Entered Level 5 of the Dungeon
  4131 | D:5      | Reached skill level 5 in Armour
  4131 | D:5      | Reached XP level 7. HP: 39/44 MP: 7/7
  4373 | D:5      | Found a staircase to the Ecumenical Temple.
  4390 | Temple   | Entered the Ecumenical Temple
  4450 | Temple   | Became a worshipper of Warmaster Okawaru
  5329 | D:5      | Reached * piety under Okawaru
  5568 | D:5      | Reached XP level 8. HP: 28/51 MP: 8/8
  5921 | D:5      | Reached skill level 5 in Maces & Flails
  6408 | D:6      | Found Leip's Book Shoppe.
  6420 | D:6      | Reached ** piety under Okawaru
  6614 | D:6      | Noticed Grinder
  6625 | D:6      | Paralysed by Grinder for 4 turns
  6917 | D:6      | Killed Grinder
  6917 | D:6      | Reached XP level 9. HP: 56/56 MP: 9/9
  7232 | D:6      | Noticed Blork the orc
  7239 | D:6      | Killed Blork the orc
  7333 | D:7      | Identified a scroll of acquirement
  7565 | D:7      | Found a flagged portal.
  7572 | Bailey   | Entered a bailey
  7733 | Bailey   | Reached *** piety under Okawaru
  8851 | Bailey   | Got a polished chain mail
  8861 | Bailey   | Identified the +1 chain mail of Uskayaw's Wrath {+Fly rF+
                  | rN+} (You found it in a bailey)
  8887 | Bailey   | Reached XP level 10. HP: 47/64 MP: 10/10
  8900 | Bailey   | Got a crude hat
  8905 | Bailey   | Identified the +2 hat of Fortification {rElec} (You
                  | acquired it in a bailey)
  9211 | D:7      | Reached **** piety under Okawaru
  9765 | D:8      | Noticed Erica
  9778 | D:8      | Killed Erica
 10384 | D:8      | Found a shattered altar of Ashenzari.
 10384 | D:8      | Found a shadowy altar of Dithmenos.
 10385 | D:8      | Found a sacrificial altar of Ru.
 10385 | D:8      | Found a shimmering blue altar of Sif Muna.
 11450 | D:8      | Reached ***** piety under Okawaru
 11764 | D:8      | Reached XP level 11. HP: 56/71 MP: 11/11
 11799 | D:9      | Found a staircase to the Lair.
 11895 | D:9      | Noticed a two-headed ogre
 11908 | D:9      | Killed a two-headed ogre
 11914 | D:9      | Received a gift from Okawaru
 12181 | D:9      | Reached skill level 10 in Armour
 12270 | D:9      | Reached skill level 10 in Fighting
 12270 | D:9      | Reached skill level 10 in Shields
 12450 | D:9      | Found a radiant altar of Vehumet.
 12450 | D:9      | Found a white marble altar of Elyvilon.
 12563 | D:9      | Found a staircase to the Orcish Mines.
 13084 | D:10     | Entered Level 10 of the Dungeon
 13114 | D:10     | Killed an unseen horror
 13216 | D:10     | Found a runed translucent door.
 13216 | D:10     | Noticed grindst0ne's ghost (journeyman TeAr)
 13220 | D:10     | Noticed a centaur warrior
 13227 | D:10     | Killed a centaur warrior
 13328 | D:10     | Killed grindst0ne's ghost
 13708 | D:10     | Reached XP level 12. HP: 77/79 MP: 12/12
 13776 | D:10     | Noticed a two-headed ogre
 13784 | D:10     | Killed a two-headed ogre
 13968 | D:11     | Reached skill level 10 in Maces & Flails
 13975 | D:11     | Received a gift from Okawaru
 14355 | D:11     | Found Enahor's Antique Weapon Emporium.
 14363 | D:11     | Bought a glowing demon whip for 396 gold pieces
 14697 | Lair:1   | Entered Level 1 of the Lair of Beasts
 14859 | Lair:1   | Noticed a seven-headed hydra
 14869 | Lair:1   | Killed a seven-headed hydra
 15089 | Lair:1   | Noticed an eight-headed hydra
 15098 | Lair:1   | Killed an eight-headed hydra
 16198 | Lair:2   | Found a staircase to the Shoals.
 16321 | Lair:2   | Reached ****** piety under Okawaru
 16322 | Lair:2   | Reached XP level 13. HP: 69/86 MP: 13/13
 17090 | Lair:3   | Received a gift from Okawaru
 17101 | Lair:3   | Identified the +3 demon trident of the Brain {drain, rC+
                  | rN+ Str+2 Dex+4} (Okawaru gifted it to you on level 3 of
                  | the Lair of Beasts)
 17575 | Lair:3   | Found a staircase to the Snake Pit.
 18287 | Lair:4   | Received a gift from Okawaru
 18771 | Lair:4   | Found a stormy altar of Qazlal.
 18949 | Lair:4   | Received a gift from Okawaru
 19284 | Lair:4   | Found the +2 hat of the Bear Spirit {Spirit, +Rage rN+
                  | MR++}
 19755 | Lair:5   | Gained mutation: Your large and strong wings let you fly
                  | indefinitely. [Gargoyle growth]
 19755 | Lair:5   | Reached XP level 14. HP: 91/94 MP: 14/14
 19868 | Lair:5   | Noticed Urug
 19876 | Lair:5   | Killed Urug
 20196 | Lair:5   | Found a viscous altar of Jiyva.
 20197 | Lair:5   | Found a staircase to the Slime Pits.
 20445 | Lair:6   | Entered Level 6 of the Lair of Beasts
 20482 | Lair:6   | Reached skill level 1 in Polearms
 20726 | Lair:6   | Noticed Kirke
 20792 | Lair:6   | Killed Kirke
 21037 | Lair:6   | Received a gift from Okawaru
 21337 | Lair:6   | Noticed Nessos
 21344 | Lair:6   | Killed Nessos
 21862 | Orc:1    | Entered Level 1 of the Orcish Mines
 22285 | Orc:2    | Entered Level 2 of the Orcish Mines
 22345 | Orc:2    | Reached skill level 5 in Polearms
 23011 | Orc:2    | Noticed an orc warlord
 23026 | Orc:2    | Killed an orc warlord
 23217 | Orc:2    | Reached XP level 15. HP: 94/100 MP: 13/15
 23579 | Orc:2    | Found a staircase to the Elven Halls.
 23703 | Orc:2    | Reached skill level 1 in Dodging
 24066 | Orc:2    | Found Zohatu's General Store.
 24067 | Orc:2    | Found Jagaqut's Book Emporium.
 24068 | Orc:2    | Found Getotyla's Antique Armour Emporium.
 24068 | Orc:2    | Found Ryeddusa's Antique Weapon Shoppe.
 24082 | Orc:2    | Bought a scroll of teleportation for 54 gold pieces
 24082 | Orc:2    | Bought a scroll of identify for 36 gold pieces
 24082 | Orc:2    | Bought a potion of haste for 180 gold pieces
 24490 | D:12     | Found Coxipuask's General Store.
 24498 | D:12     | Bought a potion of agility for 52 gold pieces
 24498 | D:12     | Bought a potion of resistance for 130 gold pieces
 24737 | D:12     | Received a gift from Okawaru
 24860 | D:12     | Found a gate leading to a gauntlet.
 24873 | Gauntlet | Entered a Gauntlet
 24873 | Gauntlet | Found a transporter.
 24873 | Gauntlet | Found a transporter.
 24873 | Gauntlet | Found a transporter.
 24874 | Gauntlet | Found a transporter.
 24875 | Gauntlet | Found a transporter.
 24892 | Gauntlet | Found a transporter.
 24900 | Gauntlet | Found a transporter.
 24903 | Gauntlet | Found a transporter.
 24911 | Gauntlet | Found a transporter.
 24931 | Gauntlet | Found a transporter.
 24950 | Gauntlet | Found a transporter.
 24954 | Gauntlet | Found a transporter.
 25183 | Gauntlet | Got a transparent turquoise ring
 25189 | Gauntlet | Identified the ring "Xiufop" {rC+ EV+3 Dex+4} (You found it
                  | in a Gauntlet)
 25966 | D:13     | Received a gift from Okawaru
 26142 | D:13     | Noticed a tengu reaver
 26161 | D:13     | Killed a tengu reaver
 26358 | D:13     | Identified the +8 great mace of Genk {crush, Int+2} (You
                  | found it on level 13 of the Dungeon)
 27225 | D:14     | Found a gate to the Vaults.
 27247 | D:14     | Received a gift from Okawaru
 27268 | D:14     | Reached XP level 16. HP: 99/107 MP: 14/16
 27284 | D:14     | Reached skill level 15 in Shields
 27295 | D:14     | Reached skill level 15 in Fighting
 28359 | D:15     | Entered Level 15 of the Dungeon
 28432 | D:15     | Found a staircase to the Depths.
 28980 | D:15     | Reached skill level 10 in Polearms
 29694 | Shoals:1 | Entered Level 1 of the Shoals
 29787 | Shoals:1 | Received a gift from Okawaru
 29806 | Shoals:1 | Identified a +2 pair of boots of running (Okawaru gifted it
                  | to you on level 1 of the Shoals)
 29995 | Shoals:1 | Reached skill level 15 in Armour
 30581 | Shoals:2 | Found Uhues's Antique Armour Shoppe.
 30880 | Shoals:2 | Noticed Polyphemus
 30906 | Shoals:2 | Reached XP level 17. HP: 64/114 MP: 9/17
 30965 | Shoals:2 | Killed Polyphemus
 32260 | Shoals:3 | Received a gift from Okawaru
 32317 | Shoals:3 | Cast into level 3 of the Abyss (merfolk)
 32320 | Shoals:3 | Escaped the Abyss
 32520 | Shoals:3 | Noticed a kraken
 32548 | Shoals:3 | Killed a kraken
 32746 | Shoals:4 | Entered Level 4 of the Shoals
 32790 | Shoals:4 | Noticed Donald
 32799 | Shoals:4 | Killed Donald
 33169 | Shoals:4 | Noticed Roxanne
 33213 | Shoals:4 | Killed Roxanne
 33213 | Shoals:4 | Received a gift from Okawaru
 33447 | Shoals:4 | Noticed a kraken
 33489 | Shoals:4 | Killed a kraken
 33508 | Shoals:4 | Got a barnacled rune of Zot
 34356 | Snake:1  | Entered Level 1 of the Snake Pit
 34371 | Snake:1  | Reached XP level 18. HP: 118/122 MP: 15/18
 34539 | Snake:1  | Noticed Aizul
 34564 | Snake:1  | Killed Aizul
 34620 | Snake:1  | Noticed Jorgrun
 34640 | Snake:1  | Killed Jorgrun
 34680 | Snake:1  | Found a shimmering blue altar of Sif Muna.
 34687 | Snake:1  | Found a transporter.
 35091 | Snake:2  | Found an iron altar of Okawaru.
 35096 | Snake:2  | Received a gift from Okawaru
 35146 | Snake:2  | Noticed Nikola
 35272 | Snake:2  | Killed Nikola
 35808 | Snake:3  | Found a shimmering blue altar of Sif Muna.
 35910 | Snake:3  | Noticed Saint Roka
 35965 | Snake:3  | Received a gift from Okawaru
 35997 | Snake:3  | Killed Saint Roka
 37071 | Snake:4  | Entered Level 4 of the Snake Pit
 37143 | Snake:4  | Reached XP level 19. HP: 121/128 MP: 17/19
 37611 | Snake:4  | Received a gift from Okawaru
 37961 | Snake:4  | Received a gift from Okawaru
 38299 | Snake:4  | Got a serpentine rune of Zot
 39174 | Vaults:1 | Entered Level 1 of the Vaults
 39174 | Vaults:1 | Found a ruined gateway.
 39188 | Desolati | Entered the Desolation of Salt
 39215 | Desolati | Received a gift from Okawaru
 39475 | Desolati | Reached XP level 20. HP: 116/137 MP: 16/20
 39524 | Desolati | Identified the Papyrus of Dislocated Ignition
 39526 | Desolati | Identified the Almanac of the Compass
 39534 | Desolati | Identified Eti Sifo's Catalogue of the Escort and Earth
 39799 | Desolati | Got a scorched copper ring
 39806 | Desolati | Got a heavily runed turquoise ring
 39847 | Desolati | Identified the ring "Kuoptehaif" {Fire rElec rPois Str+5}
                  | (You found it in the Desolation of Salt)
 39848 | Desolati | Identified the ring "Wiwid" {MP+9 EV+1 Str+2} (You found it
                  | in the Desolation of Salt)
 39968 | Desolati | Received a gift from Okawaru
 39984 | Desolati | Got a clouded bronze ring
 39986 | Desolati | Got an ancient lapis lazuli ring
 40012 | Desolati | Identified the ring "Denitonaxt" {+Inv rN+ rCorr Str+5
                  | Int-3} (You found it in the Desolation of Salt)
 40013 | Desolati | Identified the ring of Red Wine {rF- rN++ MP+9 Int+3} (You
                  | found it in the Desolation of Salt)
 41939 | Vaults:2 | Found a staircase to the Crypt.
 41958 | Vaults:2 | Received a gift from Okawaru
 42146 | Vaults:2 | Got a flickering bronze ring
 42166 | Vaults:2 | Identified the ring "Opluj" {rCorr Dex+3 SInv Stlth-} (You
                  | found it on level 2 of the Vaults)
 42253 | Vaults:2 | Reached XP level 21. HP: 141/144 MP: 21/21
 42447 | Vaults:2 | Received a gift from Okawaru
 42454 | Vaults:2 | Identified the +1 morningstar of Currency {crush, -Tele
                  | *Slow +Fly rN+++} (Okawaru gifted it to you on level 2 of
                  | the Vaults)
 43618 | Vaults:3 | Found a flickering gateway to a bazaar.
 43630 | Bazaar   | Entered a bazaar
 43671 | Bazaar   | Found Gosad's Jewellery Emporium.
 43715 | Bazaar   | Found Geojirun's Book Boutique.
 43746 | Bazaar   | Found Amerch's Jewellery Emporium.
 43832 | Bazaar   | Found Mueg's Jewellery Emporium.
 44183 | Vaults:3 | Received a gift from Okawaru
 44197 | Vaults:3 | Got a fine trident {god gift}
 45103 | Vaults:4 | Found Oscheah's Antique Weapon Shoppe.
 45124 | Vaults:4 | Found Vahovo's General Store.
 45140 | Vaults:4 | Bought a wand of iceblast (8) for 288 gold pieces
 45140 | Vaults:4 | Bought a potion of curing for 72 gold pieces
 45200 | Vaults:4 | Found Pumutraow's Jewellery Boutique.
 45231 | Vaults:4 | Reached XP level 22. HP: 147/152 MP: 22/22
 45563 | Vaults:4 | Received a gift from Okawaru
 45680 | Vaults:4 | Found Cewuegre's Antique Weapon Emporium.
 46144 | Vaults:4 | Noticed Margery
 46164 | Vaults:4 | Killed Margery
 46451 | Vaults:5 | Entered Level 5 of the Vaults
 46468 | Vaults:5 | Noticed an ancient lich
 46492 | Vaults:5 | Reached skill level 15 in Maces & Flails
 46500 | Vaults:5 | Killed an ancient lich
 46500 | Vaults:5 | Received a gift from Okawaru
 47068 | Vaults:5 | Noticed an ancient lich
 47086 | Vaults:5 | Found the +3 robe of Clouds {+Thunder rCloud rElec}
 47334 | Vaults:5 | Identified the +6 flail of Starshine {holy, rC- MR+ Stlth+}
 47354 | Vaults:5 | Received a gift from Okawaru
 47662 | Vaults:5 | Identified the +5 dagger of Defence {holy, rElec Int+2}
 47694 | Vaults:5 | Reached XP level 23. HP: 159/159 MP: 23/23
 47918 | Vaults:5 | Noticed a golden dragon
 47928 | Vaults:5 | Killed a golden dragon
 48290 | Vaults:5 | Got a silver rune of Zot
 48550 | Vaults:5 | Received a gift from Okawaru
 48825 | Vaults:5 | Got a smoking turquoise ring
 48828 | Vaults:5 | Identified the ring of the Komodo Dragon {Wiz MP+9 Dex+2}
                  | (You acquired it on level 5 of the Vaults)
 49064 | Vaults:5 | Killed an ancient lich
 49543 | Vaults:5 | Gained mutation: You are partially covered in large bone
                  | plates. (SH +4) [potion of mutation]
 49543 | Vaults:5 | Gained mutation: Your mind is acute. (Int +2) [potion of
                  | mutation]
 49543 | Vaults:5 | Gained mutation: You are agile. (Dex +2) [potion of
                  | mutation]
 49766 | Depths:1 | Entered Level 1 of the Depths
 50363 | Temple   | Fell from the grace of Okawaru
 50363 | Temple   | Became a worshipper of the Shining One
 51628 | Depths:1 | Found Ruptikhy's Assorted Antiques.
 51716 | Depths:1 | Reached * piety under the Shining One
 51730 | Depths:1 | Reached skill level 1 in Invocations
 52211 | Depths:1 | Reached XP level 24. HP: 166/166 MP: 25/25
 52615 | Depths:1 | Found a runed translucent gate.
 52615 | Depths:1 | Found a runed translucent gate.
 52662 | Depths:1 | Found a runed translucent gate.
 52729 | Depths:1 | Reached ** piety under the Shining One
 52733 | Depths:1 | Noticed TheNamelessOne's ghost (journeyman GrFi)
 52776 | Depths:1 | Found a gateway to Hell.
 53622 | Depths:1 | Killed TheNamelessOne's ghost
 53622 | Depths:1 | Reached skill level 5 in Invocations
 53736 | Depths:2 | Reached *** piety under the Shining One
 53819 | Depths:2 | Found Geavoti's Assorted Antiques.
 53864 | Depths:2 | You are sucked into a shaft and drop 1 floor!
 54549 | Depths:3 | Reached **** piety under the Shining One
 55166 | Depths:3 | Found a one-way gate leading to the halls of Pandemonium.
 55312 | Depths:3 | Found a gateway to a ziggurat.
 55992 | Depths:4 | Got a warped ivory ring
 55995 | Depths:4 | Identified a ring "Nuiw" {*Tele rC+} (You found it on level
                  | 4 of the Depths)
 56003 | Depths:4 | Found a one-way gate to the infinite horrors of the Abyss.
 56092 | Depths:4 | Noticed a caustic shrike
 56098 | Depths:4 | Killed a caustic shrike
 56098 | Depths:4 | Reached XP level 25. HP: 173/173 MP: 30/30
 56194 | Depths:4 | Reached ***** piety under the Shining One
 56226 | Depths:4 | Reached skill level 10 in Invocations
 56288 | Depths:4 | HP: 7/173 [fire giant/bolt of fire (14)]
 56291 | Depths:4 | Killed from afar by a spriggan air mage

Levels and vault maps discovered:
D:1:      dpeg_arrival_fog, layout_rooms
D:2:      layout_loops_cross, minmay_misc_feat_room
D:3:      minmay_octagon_keep, layout_basic, first_ration,
          kennysheep_generic_room_7
D:4:      layout_layer_cave, serial_shops, shop, chequers_garden
D:5:      layout_loops_cross, minmay_temple_entry_stoned_glass
D:6:      layout_gridville, serial_shops, shop, uniq_grinder, uniq_blork_the_orc
D:7:      layout_cave_pools, enter_bailey_1
D:8:      layout_loops_cross, chequers_temple_overflow_statue_of_worship,
          minmay_strange_pillars, uniq_erica
D:9:      layout_stronghold, gammafunk_temple_overflow_pools, erik_lair_island,
          erik_orc_1, hangedman_fish_farm
D:10:     layout_roguey, gammafunk_ghost_grave, st_stairs_4,
          kennysheep_generic_room_9
D:11:     layout_irregular_city, serial_shops, nicolae_shop_overgrown_old_shop
D:12:     layout_loops_ring, serial_shops, shop, gauntlet_entry_generic
D:13:     evilmike_diamond_1, layout_loops_ring, minmay_stone_trees_large,
          minmay_misc_feat_cross
D:14:     layout_grid_maze, erik_vaults_2, minmay_misc_feat_diagonals
D:15:     grunt_enter_depths_snipers, layout_rooms, palyth_stone_intersect
Temple:   kb_temple_of_zot
Lair:1:   layout_small_grid, minmay_lair_oklob_chamber
Lair:2:   layout_small_grid, minmay_shoals_entry_lonely_mermaid
Lair:3:   layout_loops_ring, guppyfry_snake_entry_garden, special_room
          [special_room_bee], patterned_corridor, serial_bayou_shore_b
Lair:4:   nzn_motion_control, layout_big_grid, basic_altar,
          minmay_lair_oklob_bushes, serial_bayou_lagoon_b
Lair:5:   layout_small_grid, slime_altar_1, grunt_megastairs_3, uniq_urug
Lair:6:   guppyfry_lair_end_dragon, layout_gridlike,
          chequers_serial_rivers_marsh, grunt_megastairs_5, uniq_nessos,
          uniq_kirke
Shoals:1: layout_shoals, nicolae_shoals_aquamancer_cove
Shoals:2: layout_shoals, serial_shops, shop, uniq_polyphemus
Shoals:3: layout_shoals, nicolae_shoals_water_elemental_grotto
Shoals:4: shoals_end_hangedman, layout_shoals, uniq_donald, uniq_roxanne
Snake:1:  gammafunk_sealed_library, layout_basic, uniq_aizul, uniq_jorgrun
Snake:2:  layout_rooms, basic_altar, uniq_nikola
Snake:3:  layout_grid_maze, basic_altar, serial_bayou_shore_a, uniq_saint_roka
Snake:4:  snake_pit_salamanders_mu, layout_cave_town
Orc:1:    layout_caves
Orc:2:    st_orc_congregation, layout_caves, nicolae_volcano_entry_s_turn
Vaults:1: nicolae_vaults_asterisk, hangedman_vaults_stagger,
          nicolae_vaults_little_squares_4, hangedman_vaults_cutoff,
          ontoclasm_vaults_pinch, nicolae_vaults_specimen_jars, v_pattern_1,
          layout_vaults_quadrants, portal_desolation_entry_nicolae_slug
Vaults:2: ontoclasm_vaults_twist, v_misc_27, minmay_crypt_entry_simple_round,
          grunt_vaults_funneled_arena, v_misc_9,
          nicolae_vaults_little_squares_6, vaults_room_door_hall,
          hangedman_vaults_stitches, vaults_room_pools,
          grunt_vaults_hallway_short, hangedman_vaults_trim,
          nicolae_vaults_ring_of_whatevers, ontoclasm_vaults_eye,
          layout_vaults_omnibox
Vaults:3: v_misc_8, v_misc_12, v_pattern_4, v_rooms_4, v_misc_11,
          ontoclasm_vaults_claustrophobia, hangedman_vaults_locks,
          dpeg_vaults_pockets_of_resistance,
          hangedman_vaults_stretched_pinwheel, nicolae_vaults_puzzle_piece,
          hangedman_vaults_stretched_pinwheel, v_misc_16,
          layout_vaults_maze_bifur, serial_shops, bzr_firewalk
Vaults:4: grunt_vaults_funnel, v_misc_27, nicolae_vaults_sealed_display,
          v_misc_30, v_rooms_3, nicolae_vaults_little_squares_1,
          vaults_standard_mumra_x, layout_vaults_big_room, serial_shops, shop,
          shop, nicolae_shop_crystal, shop, uniq_margery
Vaults:5
Depths:1: layout_long_grid, serial_shops, kennysheep_little_box,
          gammafunk_ghost_necromancy, hell_entry, grunt_decor_fettered,
          kennysheep_opposing_triangles
Depths:2: hourglass_vault, layout_cave_pools, infiniplex_staircase_pool_2,
          gammafunk_ghost_tricky_traps, serial_shops,
          nicolae_shop_overgrown_old_shop, hell_entry, minmay_curled_crystal
Depths:3: minmay_triangles_in_corner, layout_cave_pools, enter_ziggurat_e,
          pan_entry, pf_coc_iceberg, nrook_mini_vaults, minmay_misc_feat_iff
Depths:4: evilmike_cross, layout_basic, marbit_kobold_abyss_entry,
          chequers_big_river, hell_entry, st_stairs_6, uniq_sojobo

Skill      XL: |  1  2  3  4  5  6  7  8  9 10 11 12 13 14 15 16 17 18 19 20 21 22 23 24 25 |
---------------+----------------------------------------------------------------------------+-----
Shields        | 4 5 6 8 9 10 12 13 14 15 16 17 18 19 20 21 22 | 22.0
Fighting       | 4 5 6 8 9 10 12 13 14 15 16 17 18 19 20 21 22 | 22.0
Armour         | 4 5 6 8 9 10 12 13 14 15 17 18 19 20 21 | 21.7
Maces & Flails | 3 4 5 7 8 9 10 12 14 15 17 | 17.2
Polearms       | 5 8 10 12 13 | 13.0
Dodging        | 3 |  3.7
Invocations    | 3 9 10 | 10.1

Action                   |  1- 3 |  4- 6 |  7- 9 | 10-12 | 13-15 | 16-18 | 19-21 | 22-24 | 25-27 || total
-------------------------+-------+-------+-------+-------+-------+-------+-------+-------+-------++-------
Melee: Flail             |    65 |   241 |   261 |       |       |       |       |       |       ||   567
       Morningstar       |       |       |   158 |   540 |       |       |       |       |       ||   698
       Demon whip        |       |       |       |   131 |  1734 |  1780 |  1990 |  1032 |       ||  6667
       Eveningstar       |       |       |       |       |       |       |       |  1182 |    90 ||  1272
Invok: Heroism           |       |       |     2 |    10 |     6 |     9 |     7 |     8 |       ||    42
       Finesse           |       |       |       |       |     1 |     2 |       |     2 |       ||     5
       Cleansing Flame   |       |       |       |       |       |       |       |       |     2 ||     2
 Abil: Fly               |       |       |       |       |     1 |       |       |       |       ||     1
Evoke: Wand              |       |       |     3 |    14 |     2 |       |       |       |       ||    19
  Use: Scroll            |       |     4 |     5 |    20 |    13 |     7 |     8 |    11 |       ||    68
       Potion            |       |       |       |       |     1 |     2 |       |    15 |     1 ||    19
  Eat: Chunk             |       |     9 |    14 |    27 |    35 |    25 |    22 |    19 |       ||   151
       Ration            |       |       |     1 |     1 |       |     2 |     1 |     5 |       ||    10
Armor: Scale mail        |    32 |   124 |   144 |       |       |       |       |       |       ||   300
       Chain mail        |       |       |    16 |   355 |   432 |       |       |       |       ||   803
       Plate armour      |       |       |   153 |       |       |       |       |       |       ||   153
       Gold dragon scale |       |       |       |       |    88 |   591 |   586 |   934 |    64 ||  2263
Dodge: Dodged            |    21 |    80 |   188 |   197 |   247 |   278 |   348 |   563 |    20 ||  1942
Block: Shield            |    42 |   152 |   345 |   685 |  1248 |  1432 |  1663 |  2393 |   155 ||  8115
       Reflection        |       |       |       |    10 |    24 |   131 |   112 |   122 |     8 ||   407
